 Dungeon Crawl Stone Soup version 0.20.1-1-g8b1a95d (webtiles) character file.

10374 Gremour the Carver (level 11, -2/104 HPs)
             Began as a Minotaur Fighter on Nov 23, 2017.
             Was an Elder of Qazlal.
             Killed from afar by a manticore (13 damage)
             ... with a volley of spikes
             ... on level 11 of the Dungeon.
             The game lasted 00:47:56 (8321 turns).

Gremour the Carver (Minotaur Fighter)               Turns: 8321, Time: 00:47:56

Health: -2/104     AC: 12    Str: 23    XL:     11   Next: 35%
Magic:  10/10      EV: 10    Int:  5    God:    Qazlal [****..]
Gold:   737        SH: 18    Dex: 18    Spells: 10/10 levels left

rFire    . . .     SeeInvis .   a - +4 long sword
rCold    . . .     Gourm    .   c - +0 shield
rNeg     + . .     Faith    .   p - +1 scale mail "Liufuax" {Str+3 Dex+4}
rPois    .         Spirit   .   (helmet unavailable)
rElec    .         Reflect  .   q - +0 cloak
rCorr    .         Harm     .   (no gloves)
MR       ++...                  o - +0 pair of boots
Stlth    ..........             (no amulet)
Regen    0.3/turn               v - ring of positive energy
MPRegen  0.2/turn               e - ring of protection from magic

@: barbed spikes, repel missiles
A: retaliatory headbutt, horns 3, magic resistance 1
a: Upheaval, Elemental Force, Renounce Religion


You were on level 11 of the Dungeon.
You worshipped Qazlal.
Qazlal was greatly pleased with you.
You were not hungry.

You visited 2 branches of the dungeon, and saw 12 of its levels.

You collected 737 gold pieces.

Inventory:

Hand Weapons
 a - a +4 long sword (weapon)
 u - a +0 spear of venom
Missiles
 z - 5 tomahawks of returning (quivered)
Armour
 c - a +0 shield (worn)
 o - a +0 pair of boots (worn)
 p - the +1 scale mail "Liufuax" (worn) {Str+3 Dex+4}
   (You found it on level 11 of the Dungeon)

   It affects your strength (+3).
   It affects your dexterity (+4).
 q - a +0 cloak (worn)
Jewellery
 e - a ring of protection from magic (right hand)
 v - a ring of positive energy (left hand)
Wands
 l - a wand of digging (10/24)
 m - a wand of enslavement (7/24)
 n - a wand of iceblast (8/15)
 D - a wand of lightning (12/15)
 I - a wand of acid (11/15)
Scrolls
 i - 5 scrolls of identify
 j - 2 scrolls of magic mapping
 k - 7 scrolls of remove curse
 r - 2 scrolls of teleportation
 t - 3 scrolls of amnesia
 y - 3 scrolls of immolation
 A - a scroll of acquirement {unknown}
Potions
 s - a potion of flight
 F - a potion of mutation
 H - 3 potions of haste
Books
 d - a book of Misfortune

   Spells                             Type                      Level
   a - Confusing Touch                Hexes                        1
   b - Confuse                        Hexes                        3
   c - Gell's Gravitas                Translocation                3
   d - Petrify                        Transmutation/Earth          4
   e - Metabolic Englaciation         Hexes/Ice                    5
   f - Yara's Violent Unravelling     Hexes/Transmutation          5
Miscellaneous
 h - a fan of gales
Comestibles
 f - 11 bread rations
 g - 14 meat rations
 w - 9 fruits
 x - 8 royal jellies
 B - 12 chunks of flesh


   Skills:
 + Level 12.2 Fighting
 - Level 12.3 Long Blades
 * Level 8.7 Armour
 * Level 2.0 Dodging
 - Level 10.6 Shields


You had 10 spell levels left.
You didn't know any spells.

Dungeon Overview and Level Annotations

Branches:
Dungeon (11/15)            Temple (1/1) D:7            Lair (0/6) D:10
    Orc (0/2) D:9

Altars:
Ashenzari
Cheibriados
Dithmenos
Elyvilon
Fedhas
Gozag
Hepliaklqana
Kikubaaqudgha
Makhleb
Nemelex Xobeh
Okawaru
Qazlal
Ru
Sif Muna
Trog
Uskayaw
Vehumet
Xom
Yredelemnul
Zin
The Shining One


Innate Abilities, Weirdness & Mutations

You reflexively headbutt those who attack you in melee.
You have a pair of large horns on your head.
You are resistant to hostile enchantments. (MR+)


Message History

The volley of spikes hits you!
The barbed spikes become lodged in your body.
* * * LOW HITPOINT WARNING * * *
Unknown command.
Evoke which item? (* to show all) (? for menu, Esc to quit)
Okay, then.
Evoke which item? (* to show all) (? for menu, Esc to quit)
Aiming: Corrosive Bolt
Press: ? - help, Shift-Dir - straight line, f - Harold
Aim: Harold, wielding a scimitar and wearing a ring mail (thunder, almost dead)
The bolt of acid hits Harold.
Harold is splashed with acid.
You kill Harold!
Qazlal accepts your kill.
Harold gasps with his last breath, "I wish I had worked less..."
Your Dodging skill increases to level 2!
This wand has 11 charges left.
The manticore flicks its tail.
The volley of spikes hits you!
The barbed spikes become lodged in your body.
You die...

#.##...#.##..........##
.....
#.##...#.###.......#?#
.#.#. #.##.....#
##.....##.# .....
#.####.#.# ##...## #
##.# #.# #.#.# #.
#.####.#.# #
#........###### #
######(.....).#.##
########@§..# #....?#
##H§..... #.##### .# .#
#


You could see a manticore.

Vanquished Creatures
  Josephine (D:11)
  Harold (D:11)
  A two-headed ogre (D:11)
  An unseen horror (D:10)
  Pikel (D:5)
  A queen bee (D:8)
  Prince Ribbit (D:5)
  2 hippogriffs
  4 wraiths (D:11)
  The ghost of Lanoc the Scratcher, an amateur FeMo (D:5)
  5 yaks (D:10)
  Menkaure (D:7)
  A water moccasin (D:10)
  4 porcupines (D:10)
  2 orc warriors
  3 ice beasts
  An ogre (D:7)
  2 black bears (D:10)
  A sky beast (D:10)
  A phantom (D:4)
  A centaur (D:5)
  A crocodile (D:10)
  6 bullfrogs
  A wyvern zombie (D:10)
  3 scorpions
  A wyvern skeleton (D:6)
  15 killer bees (D:8)
  9 wights
  2 howler monkeys
  3 crimson imps
  3 centaur zombies
  6 hounds
  3 orc priests
  4 jellies
  2 centaur skeletons
  8 orc wizards
  3 iguanas
  Ijyb (D:3)
  Natasha (thrice) (D:2)
  7 worker ants
  A mummy (D:8)
  A gnoll (D:5)
  7 adders
  2 shadow imps
  2 oozes
  An adder skeleton (D:5)
  3 worms
  A dart slug (D:2)
  5 leopard geckos
  34 orcs
  2 ball pythons
  3 giant cockroaches
  5 goblins
  7 hobgoblins
  2 jackals (D:1)
  6 kobolds
  4 quokkas
  5 bats
  3 frilled lizards
  A giant cockroach zombie (D:6)
  4 goblin zombies (D:6)
  2 hobgoblin zombies
  3 kobold skeletons (D:6)
  A leopard gecko skeleton (D:4)
  4 orc zombies
  9 rats
235 creatures vanquished.

Vanquished Creatures (others)
  A centaur (D:5)
  A crimson imp (D:5)
  A jelly (D:5)
  A killer bee zombie (D:5)
  A hound zombie (D:5)
  An adder (D:5)
  A leopard gecko (D:5)
  A quokka (D:5)
  A leopard gecko skeleton (D:5)
  10 fungi (D:10)
19 creatures vanquished.

Grand Total: 254 creatures vanquished

Notes
Turn   | Place    | Note
-------+----------+-------------------------------------------
     0 | D:1      | Gremour the Minotaur Fighter began the quest for the Orb.
     0 | D:1      | Reached XP level 1. HP: 19/19 MP: 0/0
    91 | D:1      | Reached XP level 2. HP: 21/26 MP: 1/1
   932 | D:2      | Reached XP level 3. HP: 30/31 MP: 2/2
   997 | D:2      | Noticed Natasha
  1004 | D:2      | Killed Natasha
  1004 | D:2      | Reached skill level 5 in Long Blades
  1157 | D:2      | Reached XP level 4. HP: 36/39 MP: 3/3
  1182 | D:2      | Noticed Natasha
  1192 | D:2      | Killed Natasha
  1410 | D:2      | Noticed Natasha
  1413 | D:2      | Killed Natasha
  1456 | D:3      | Found a hide-covered altar of Uskayaw.
  1457 | D:3      | Noticed a hand axe
  1457 | D:3      | Noticed a dagger
  1513 | D:3      | Found a stormy altar of Qazlal.
  1541 | D:3      | Noticed Ijyb
  1570 | D:3      | Killed Ijyb
  1570 | D:3      | Reached XP level 5. HP: 36/45 MP: 4/4
  2292 | D:3      | Gained mutation: You have a pair of large horns on your head. [potion of mutation]
  2292 | D:3      | Gained mutation: You are resistant to hostile enchantments. (MR+) [potion of mutation]
  2292 | D:3      | Lost mutation: You have a pair of large horns on your head. [potion of mutation]
  2292 | D:3      | Gained mutation: You have a pair of large horns on your head. [potion of mutation]
  2545 | D:4      | Noticed a phantom
  2564 | D:4      | Killed a phantom
  2564 | D:4      | Reached XP level 6. HP: 42/51 MP: 5/5
  2621 | D:4      | Found a shimmering altar of Xom.
  3093 | D:5      | Entered Level 5 of the Dungeon
  3197 | D:5      | Noticed Lanoc's ghost (amateur FeMo)
  3217 | D:5      | Killed Lanoc's ghost
  3217 | D:5      | Reached XP level 7. HP: 45/57 MP: 6/6
  3281 | D:5      | Noticed Pikel
  3310 | D:5      | Killed Pikel
  3310 | D:5      | Reached XP level 8. HP: 30/64 MP: 7/7
  3449 | D:5      | Noticed Prince Ribbit
  3477 | D:5      | Killed Prince Ribbit
  4138 | D:3      | Became a worshipper of Qazlal Stormbringer
  4339 | D:6      | Found a glowing golden altar of the Shining One.
  4535 | D:6      | Reached skill level 5 in Fighting
  4535 | D:6      | Reached skill level 5 in Shields
  4626 | D:6      | Found a snail-covered altar of Cheibriados.
  4716 | D:6      | Reached * piety under Qazlal
  4948 | D:7      | Reached XP level 9. HP: 68/75 MP: 8/8
  5041 | D:7      | Found a staircase to the Ecumenical Temple.
  5101 | Temple   | Entered the Ecumenical Temple
  5410 | D:7      | Noticed Menkaure
  5423 | D:7      | Killed Menkaure
  6131 | D:8      | Noticed a queen bee
  6148 | D:8      | Reached ** piety under Qazlal
  6150 | D:8      | Killed a queen bee
  6553 | D:9      | Reached skill level 10 in Shields
  6681 | D:9      | Reached XP level 10. HP: 85/88 MP: 9/9
  6703 | D:9      | You fall through a shaft!
  6703 | D:10     | Entered Level 10 of the Dungeon
  6817 | D:9      | Found a staircase to the Orcish Mines.
  7349 | D:10     | Reached *** piety under Qazlal
  7454 | D:10     | HP: 2/91 [something (5)]
  7470 | D:10     | Killed an unseen horror
  7470 | D:10     | Reached skill level 5 in Armour
  7489 | D:10     | Reached skill level 10 in Fighting
  7822 | D:10     | Found a staircase to the Lair.
  8162 | D:11     | Got a steaming scale mail
  8215 | D:11     | Identified the +1 scale mail "Liufuax" {Str+3 Dex+4} (You found it on level 11 of the Dungeon)
  8224 | D:11     | Noticed a two-headed ogre
  8230 | D:11     | Killed a two-headed ogre
  8230 | D:11     | Reached XP level 11. HP: 73/103 MP: 10/10
  8239 | D:11     | Reached **** piety under Qazlal
  8276 | D:11     | Noticed Harold
  8278 | D:11     | Noticed Josephine
  8294 | D:11     | Killed Josephine
  8294 | D:11     | Reached skill level 1 in Dodging
  8321 | D:11     | Killed Harold
  8321 | D:11     | Killed from afar by a manticore

Skill      XL: |  1  2  3  4  5  6  7  8  9 10 11 |
---------------+----------------------------------+-----
Long Blades    | 3 4 5 6 8 9 11 12 | 12.3
Shields        | 5 10 | 10.6
Fighting       | 5 8 11 12 | 12.2
Armour         | 7 8 |  8.7
Dodging        | 2 |  2.0

Action                   |  1- 3 |  4- 6 |  7- 9 | 10-12 || total
-------------------------+-------+-------+-------+-------++-------
Melee: Long sword        |    73 |   131 |   285 |   254 ||   743
       Headbutt          |    16 |    25 |    61 |    58 ||   160
Evoke: Wand              |       |       |       |     1 ||     1
  Use: Scroll            |       |     9 |    12 |     1 ||    22
       Potion            |       |     5 |     5 |     9 ||    19
 Stab: Invisible         |       |       |       |     1 ||     1
  Eat: Chunk             |     1 |     4 |    10 |     5 ||    20
       Royal jelly       |       |     1 |     1 |       ||     2
Armor: Scale mail        |    29 |    40 |    78 |    59 ||   206
Dodge: Dodged            |    27 |    36 |    61 |    30 ||   154
       Deflected         |       |       |       |     1 ||     1
Block: Shield            |    34 |    46 |   144 |   138 ||   362
       Rpst.: Long sword |     6 |     7 |    14 |     5 ||    32
